 Dungeon Crawl Stone Soup version 0.22-a0-395-gfed312b (webtiles) character file.

828 Kairos the Chopper (level 7, 0/66 HPs)
             Began as a Deep Dwarf Monk on May 3, 2018.
             Was a Believer of Makhleb.
             Slain by an orc wizard
             ... wielding a +2 dagger of electrocution
              (6 damage)
             ... on level 5 of the Dungeon.
             The game lasted 00:09:49 (3367 turns).

Kairos the Chopper (Deep Dwarf Monk)                Turns: 3367, Time: 00:09:51

Health: 0/66       AC: 12    Str: 16    XL:     7   Next: 65%
Magic:  7/7        EV:  9    Int: 13    God:    Makhleb [**....]
Gold:   189        SH:  0    Dex: 15    Spells: 6/6 levels left

rFire    . . .     SeeInvis .   w - +5 hand axe of Circular Logic {holy, rPois Int+2 Stlth-}
rCold    . . .     Gourm    .   (no shield)
rNeg     . . .     Faith    .   e - +0 chain mail
rPois    +         Spirit   .   l - +0 helmet
rElec    .         Reflect  .   x - +0 cloak
rCorr    .         Harm     .   (no gloves)
MR       ++...                  (no boots)
Stlth    ..........             (no amulet)
HPRegen  0.00/turn              c - ring of stealth
MPRegen  0.10/turn              n - ring of protection from magic

@: non-regenerating
A: damage resistance, heal wounds, sense surroundings 1, no regeneration
a: Heal Wounds, Minor Destruction, Renounce Religion


You were on level 5 of the Dungeon.
You worshipped Makhleb.
Makhleb was pleased with you.
You were not hungry.

You visited 2 branches of the dungeon, and saw 6 of its levels.

You collected 189 gold pieces.

Inventory:

Hand Weapons
 a - a +0 hand axe
 w - the +5 hand axe of Circular Logic (weapon) {holy, rPois Int+2 Stlth-}
   (You found it on level 5 of the Dungeon)

   It has been blessed by the Shining One to cause great damage to the undead
   and demons.
   It affects your intelligence (+2).
   It protects you from poison.
   It makes you less stealthy.
Armour
 e - a +0 chain mail (worn)
 l - a +0 helmet (worn)
 x - a +0 cloak (worn)
Jewellery
 c - a ring of stealth (left hand)
 f - an uncursed ring of poison resistance
 n - a ring of protection from magic (right hand)
Scrolls
 d - 4 scrolls of remove curse {unknown}
 h - 4 scrolls of random uselessness {unknown}
 i - a scroll of noise {unknown}
 j - 2 scrolls of enchant weapon {unknown}
 k - 3 scrolls of teleportation {unknown}
 m - 5 scrolls of identify {unknown}
 p - a scroll of enchant armour {unknown}
 q - a scroll of fear {unknown}
Potions
 b - a potion of invisibility
 g - a potion of curing
 o - a potion of degeneration {unknown}
 r - a potion of lignification {unknown}
 s - a potion of flight {unknown}
 t - a potion of mutation {unknown}
 v - a potion of brilliance {unknown}
Comestibles
 u - a ration


   Skills:
 + Level 4.5 Fighting
 + Level 6.8 Axes
 + Level 4.4 Armour
 + Level 4.5 Dodging
 + Level 3.0 Stealth
 + Level 0.1 Invocations


You had 6 spell levels left.
You didn't know any spells.

Dungeon Overview and Level Annotations

Branches:
Dungeon (5/15)             Temple (1/1) D:4

Altars:
Ashenzari
Hepliaklqana
Kikubaaqudgha
Makhleb
Qazlal
Trog
Uskayaw
Wu Jian
Xom
Yredelemnul
The Shining One

Annotations:
D:4 Kairos's ghost, amateur DDMo


Innate Abilities, Weirdness & Mutations

You are resistant to damage.
You can heal yourself by infusing magical energy.
You passively map a small area around you.
You do not regenerate.


Message History

The orc wizard is almost dead.
You hit the orc.
You kill the orc!
Makhleb accepts your kill.
You closely miss the adder. You hit the orc wizard.
The orc wizard closely misses you.
The orc wizard hits you but does no damage.
The crimson imp shoots a stone.
The stone hits you but does no damage. The adder bites you.
* * * LOW HITPOINT WARNING * * *
You are more poisoned.
The adder poisons you!
The orc wizard hits you but does no damage.
You feel better.
The orc wizard hits you but does no damage.
The adder bites you but does no damage.
The crimson imp shoots a stone.
The stone hits you but does no damage.
The orc wizard hits you but does no damage.
You are electrocuted!
You die...

#### * * #.# , .... ..#
.# #### #.####.# ######
#.##5. . , , .....#
#.##.#.# * * ...#.#
#.##.#.#
##.#.########....#.####.
,
..........((†(..........
...............S@).####.
,
................oo......,
,
.<#..#####.#.#.##.....(.
, ###..# *
#.#.#.#*.#.###.,
......,,..#.#.# .#.# *
.............#.# .# .
###..#####...#.#*.# #
#..# ... .., , *#..# * ,
.. , ,


You could see 2 orc wizards, a crimson imp and an adder.

Vanquished Creatures
  Grinder (D:4)
  A phantom (Temple)
  An ogre (D:4)
  A scorpion (D:5)
  A howler monkey (D:4)
  A crimson imp (D:5)
  A hound (D:5)
  5 orc wizards
  2 worker ants
  A hound zombie (D:5)
  A gnoll (D:1)
  2 adders
  An ooze (D:1)
  An adder zombie (D:5)
  2 adder skeletons
  5 dart slugs
  2 leopard geckos
  3 orcs
  7 bats
  8 giant cockroaches
  6 goblins
  6 hobgoblins
  6 jackals
  5 kobolds
  A quokka (D:5)
  A ball python (D:5)
  5 frilled lizards
  9 rats
86 creatures vanquished.

Vanquished Creatures (others)
  5 toadstools (D:1)
5 creatures vanquished.

Grand Total: 91 creatures vanquished

Notes
Turn   | Place    | Note
-------+----------+-------------------------------------------
     0 | D:1      | Kairos the Deep Dwarf Monk began the quest for the Orb.
     0 | D:1      | Reached XP level 1. HP: 20/20 MP: 1/1
    37 | D:1      | Reached XP level 2. HP: 27/27 MP: 2/2
   417 | D:1      | Reached XP level 3. HP: 18/34 MP: 3/3
   829 | D:2      | Reached skill level 4 in Axes
  1008 | D:2      | Reached XP level 4. HP: 10/42 MP: 4/4
  1103 | D:2      | Reached skill level 1 in Armour
  1867 | D:3      | Found a shimmering altar of Xom.
  1868 | D:3      | Found a hazy altar of Hepliaklqana.
  1869 | D:3      | Noticed a spectral ugly thing
  2105 | D:4      | Noticed Kairos's ghost (amateur DDMo)
  2138 | D:4      | Found a staircase to the Ecumenical Temple.
  2140 | D:4      | Noticed a phantom
  2145 | Temple   | Entered the Ecumenical Temple
  2205 | Temple   | Became a worshipper of Makhleb the Destroyer
  2205 | Temple   | Reached * piety under Makhleb
  2205 | Temple   | Reached ** piety under Makhleb
  2252 | Temple   | Killed a phantom
  2252 | Temple   | Reached skill level 5 in Axes
  2252 | Temple   | Reached XP level 5. HP: 36/49 MP: 5/5
  2625 | D:4      | HP: 1/49 [worker ant (4)]
  2629 | D:4      | Reached XP level 6. HP: 4/56 MP: 6/6
  2640 | D:4      | Noticed Grinder
  2692 | D:4      | Paralysed by Grinder for 5 turns
  2717 | D:4      | Killed Grinder
  2717 | D:4      | Reached skill level 6 in Axes
  2798 | D:4      | Reached XP level 7. HP: 34/63 MP: 7/7
  3002 | D:5      | Entered Level 5 of the Dungeon
  3206 | D:5      | Got a steaming hand axe
  3207 | D:5      | Identified the +5 hand axe of Circular Logic {holy, rPois Int+2 Stlth-} (You found it on level 5 of the Dungeon)
  3365 | D:5      | HP: 3/66 [adder (3)]
  3366 | D:5      | HP: 1/66 [adder (2)]
  3367 | D:5      | Slain by an orc wizard

Vault maps used:
D:1:      ldierk_walled_garden, minmay_distorted
D:3:      regret_index_temple_of_mockery
D:4:      minmay_temple_entry_junction_2, minmay_a_box_with_orc_wizards_in_it,
          uniq_grinder
D:5:      first_ration
Temple:   jpeg_temple_island

Skill      XL: |  1  2  3  4  5  6  7 |
---------------+----------------------+-----
Fighting       | 3 4 |  4.5
Dodging        | 4 |  4.5
Axes           | 4 5 6 |  6.8
Armour         | 2 3 4 |  4.4
Stealth        | 3 |  3.0
Invocations    | |  0.1

Action                   |  1- 3 |  4- 6 |  7- 9 || total
-------------------------+-------+-------+-------++-------
Melee: Hand axe          |   159 |   212 |    94 ||   465
Invok: Minor Destruction |       |       |     1 ||     1
 Abil: Heal Wounds       |       |     2 |     1 ||     3
  Use: Potion            |       |     3 |     1 ||     4
 Stab: Invisible         |       |     2 |       ||     2
  Eat: Chunk             |       |     3 |     2 ||     5
       Ration            |       |     1 |       ||     1
Armor: Robe              |     3 |       |       ||     3
       Chain mail        |    94 |    91 |    66 ||   251
Dodge: Dodged            |    98 |    77 |    44 ||   219

Table legend:
 A = Spawn XP
 B = Non-spawn XP
 C = Spawn XP percentage of total XP
 D = Spawn monster count
 E = Non-spawn monster count
 F = Spawn count percentage of total count
 G = Total turns spent on level
                    A         B        C        D         E        F      G
               +---------+---------+-------+---------+---------+-------+---------
         Total |       0 |    1184 |   0.0 |       0 |      86 |   0.0 |  3367
               +---------+---------+-------+---------+---------+-------+---------
           D:1 |       0 |      70 |   0.0 |       0 |      30 |   0.0 |   785
           D:2 |       0 |      56 |   0.0 |       0 |      21 |   0.0 |   772
           D:3 |       0 |      19 |   0.0 |       0 |      10 |   0.0 |   472
           D:4 |       0 |     630 |   0.0 |       0 |      12 |   0.0 |   848
           D:5 |       0 |     285 |   0.0 |       0 |      12 |   0.0 |   354
        Temple |       0 |     124 |   0.0 |       0 |       1 |   0.0 |   136
               +---------+---------+-------+---------+---------+-------+---------
